 Dungeon Crawl Stone Soup version 0.31-a0-344-gd109795599 (webtiles) character file.

Game seed: 7104054890783630086

921 Gelion the Changeling (level 7, -3/67 HPs)
             Began as a Troll Shapeshifter on July 22, 2023.
             Slain by Sigmund
             ... wielding a +1 scythe of distortion
              (6 damage)
             ... on level 5 of the Dungeon.
             The game lasted 00:06:02 (2183 turns).

Gelion the Changeling (Troll Shapeshifter)          Turns: 2183, Time: 00:06:02

Health: -3/67      AC:  4    Str: 24    XL:     7   Next: 84%
Magic:  6/6        EV: 10    Int:  4    God:
Gold:   266        SH:  0    Dex: 12    Spells: 6/6 levels left

rFire   . . .        n - +5 woodcutter's axe
rCold   . . .        (shield currently unavailable)
rNeg    . . .        a - +0 animal skin
rPois   .            (helmet currently unavailable)
rElec   .            (cloak currently unavailable)
rCorr   .            (gloves unavailable)
SInv    .            (boots unavailable)
Will    .....        (no amulet)
Stlth   +            (no ring)
HPRegen 1.11/turn    (no ring)
MPRegen 0.10/turn

%: no passive effects
@: beast-form
A: beast (slay +4), large, unfitting armour, claws 3, regeneration 1, shaggy fur
1, tough skin 1
a: Begin Untransformation


You were on level 5 of the Dungeon.
You were a hulking beast.
You visited 1 branch of the dungeon, and saw 5 of its levels.

You collected 266 gold pieces.

Inventory:

Hand Weapons
 n - the +5 woodcutter's axe (weapon)
   (You found it on level 3 of the Dungeon)
Armour
 a - a +0 animal skin (worn)
 o - +0 swamp dragon scales
Jewellery
 e - a ring of positive energy
 f - an amulet of magic regeneration
Talismans
 c - a beast talisman
Wands
 q - a wand of paralysis (4)
Scrolls
 d - 2 scrolls of teleportation
 g - 3 scrolls of identify
 i - 2 scrolls of fear
 p - a scroll of enchant weapon {unknown}
Potions
 b - 2 potions of lignification
 h - a potion of curing {unknown}
 j - 2 potions of cancellation {unknown}
 k - 4 potions of heal wounds
 l - a potion of resistance {unknown}
 m - 2 potions of brilliance
 r - a potion of attraction {unknown}


   Skills:
 + Level 3.6 Fighting
 - Level 1.5 Dodging
 + Level 5.3 Unarmed Combat
 * Level 6.1 Shapeshifting


You had 6 spell levels left.
You didn't know any spells.
Your spell library contained the following spells:

 Spells                   Type           Power      Damage    Failure   Level
 Magic Dart               Conj           0%         1d3       50%         1
 Shock                    Conj/Air       0%         1d3       50%         1
 Searing Ray              Conj           0%         2d4       65%         2
 Swiftness                Air            0%         N/A       86%         3
 Airstrike                Air            0%         2d(0-16)  99%         4
 Fulminant Prism          Conj/Hex       0%         3d5       99%         4


Dungeon Overview and Level Annotations

Branches:
Dungeon (5/15)
 Temple: D:4-7

Altars:
Hepliaklqana
Qazlal

Annotations:
D:5 Sigmund


Innate Abilities, Weirdness & Mutations

You are a hulking beast.
Your limbs bulge with bestial killing power. (Slay +4)
You are too large for most types of armour.
You have claws for hands.
Your natural rate of healing is unusually fast.
You are covered in fur. (AC +1)
You have tough skin. (AC +1)


Message History

There is an open door here.
Found a stone staircase leading up.
There is a stone staircase leading up here.
Menkaure, Prince of Dust comes into view.
Menkaure shouts!
You hear a shout!
Menkaure breathes soot at you.
Menkaure is nearby!
Menkaure calls on the powers of darkness!
Your body is wracked with pain!
Sigmund the Dreaded comes into view.
He is wielding a +1 scythe of distortion and wearing a +2 robe of positive energy.
Menkaure closely misses you.
You barely miss Menkaure.
Sigmund hits you from afar with a +1 scythe of distortion!
Space warps horribly around you!
* * * LOW HITPOINT WARNING * * *
You are too injured to fight recklessly!
Unknown command.
You are too injured to fight recklessly!
Unknown command.
You are too injured to fight recklessly!
Unknown command.
You are too injured to fight recklessly!
You slash Menkaure!
Menkaure is severely damaged.
Menkaure closely misses you.
You slash Menkaure!
You destroy Menkaure!
Sigmund hits you from afar with a +1 scythe of distortion!
* * * LOW HITPOINT WARNING * * *
You blink.
Your Shapeshifting skill increases to level 6!
Sigmund gestures wildly while chanting.
Sigmund flickers and vanishes!
Deactivating autopickup; reactivate with Ctrl-A.
Something hits you.
* * * LOW HITPOINT WARNING * * *
Space warps horribly around you!
* * * LOW HITPOINT WARNING * * *
You slash something! Something hits you.
You die...

.....###.#######.....
......##.........#
###...##..###.##.#
(!#...##..##.#.#.###.#
=$#.......#.###....@.#
::#...###.##.#.#.#####
###...# #.# #.##.#
......#
#.###.##.######.
......#
#.......h.......
####.##
#..<.....####### ###.#
#.###.##.# ##.#.# #.#
#.##.##
#....####.###.#...####
...>.................+
#....####.........####
##.#.# #........##
###.# #####.####


There were no monsters in sight!

Vanquished Creatures
  Menkaure (D:5)
  A black bear (D:4)
  A sky beast (D:5)
  A scorpion (D:4)
  5 wights (D:4)
  An orc priest (D:5)
  An iguana (D:4)
  2 orc wizards (D:3)
  Robin (D:4)
  3 gnolls (D:5)
  3 adders
  A white imp (D:5)
  An ufetubus (D:4)
  4 worms
  3 dart slugs
  12 orcs
  7 ball pythons
  2 endoplasms
  3 giant cockroaches (D:3)
  19 goblins
  13 hobgoblins
  2 jackals (D:2)
  3 quokkas
  6 bats
  A frilled lizard (D:1)
  7 kobolds
  5 rats
109 creatures vanquished.

Notes
Turn   | Place    | Note
-------+----------+-------------------------------------------
     0 | D:1      | Gelion the Troll Shapeshifter began the quest for the Orb.
     0 | D:1      | Reached XP level 1. HP: 18/18 MP: 0/0
    24 | D:1      | Reached skill level 1 in Fighting
    41 | D:1      | Reached XP level 2. HP: 24/27 MP: 1/1
   424 | D:2      | Reached XP level 3. HP: 33/33 MP: 2/2
   479 | D:2      | Found a faded altar of an unknown god.
   635 | D:2      | Found Ceicisusm's Antique Weapon Emporium.
   868 | D:3      | Reached XP level 4. HP: 34/41 MP: 3/3
  1064 | D:3      | Found a stormy altar of Qazlal.
  1125 | D:3      | Found the +5 woodcutter's axe
  1145 | D:3      | Reached skill level 4 in Shapeshifting
  1167 | D:3      | Reached XP level 5. HP: 43/49 MP: 4/4
  1325 | D:4      | Noticed Robin
  1332 | D:4      | Killed Robin
  1402 | D:4      | Noticed a black bear
  1410 | D:4      | Killed a black bear
  1411 | D:4      | Reached XP level 6. HP: 25/59 MP: 5/5
  1467 | D:4      | Identified the +12 long sword of Disharmony {antimagic,
                  | rN++}
  1641 | D:4      | Found a hazy altar of Hepliaklqana.
  1650 | D:4      | Reached skill level 5 in Shapeshifting
  1658 | D:4      | Reached XP level 7. HP: 44/66 MP: 6/6
  2021 | D:5      | Entered Level 5 of the Dungeon
  2029 | D:5      | Reached skill level 5 in Unarmed Combat
  2168 | D:5      | Noticed Menkaure
  2170 | D:5      | Noticed Sigmund
  2174 | D:5      | Killed Menkaure
  2175 | D:5      | Reached skill level 6 in Shapeshifting
  2181 | D:5      | HP: 1/67 [something (15)]
  2183 | D:5      | Slain by Sigmund

Illustrated notes

Levels and vault maps discovered:
D:1:      lightli_arrival_chessboard, layout_rooms, nrook_uturn
D:2:      layout_basic, chequers_ecumenical_altar_grove, serial_shops, shop
D:3:      layout_rooms, mainiacjoe_overflow_chevrons
D:4:      layout_loops_cross, mainiacjoe_overflow_alcove_2, uniq_robin
D:5:      layout_loops_corners, due_unseen_surprise, uniq_sigmund,
          uniq_menkaure, uniq_ijyb

Skill      XL: |  1  2  3  4  5  6  7 |
---------------+----------------------+-----
Fighting       | 1 2 3 |  3.6
Shapeshifting  | 4 5 6 |  6.1
Unarmed Combat | 4 5 |  5.3
Dodging        | |  1.5

Action                     |  1- 3 |  4- 6 |  7- 9 || total
---------------------------+-------+-------+-------++-------
  Melee: Unarmed           |   100 |    34 |       ||   134
         Punch             |     1 |     1 |       ||     2
         Battleaxe         |       |    60 |    40 ||   100
    Use: Scroll            |     8 |       |       ||     8
 Armour: Animal skin       |    39 |    34 |     4 ||    77
  Dodge: Dodged            |    54 |    42 |     9 ||   105

Table legend: (Time is in decaauts)
 A = Elapsed time spent in this place.
 B = Non-inter-level travel time spent in this place.
 C = Inter-level travel time spent in this place.
 D = Time resting spent in this place.
 E = Time spent auto-exploring this place.
 F = Levels seen in this place.
 G = Mean time per level.
                   A        B        C        D        E       F      G
               +--------+--------+--------+--------+--------+-----+--------+
         Total |   2173 |   2045 |    128 |      0 |   1525 |   5 |  434.6 |
       Dungeon |   2173 |   2045 |    128 |      0 |   1525 |   5 |  434.6 |
               +--------+--------+--------+--------+--------+-----+--------+

Top non-repeatable levels by time:
     D:4: 695 daAuts
     D:3: 533 daAuts
     D:1: 407 daAuts
     D:2: 375 daAuts
     D:5: 161 daAuts
